 Dungeon Crawl Stone Soup version 0.30-a0-341-g682706514a (webtiles) character file.

Game seed: 13496850438814121135

26 NinjaNoafa the Chopper (level 2, -1/39 HPs)
             Began as a Minotaur Fighter on Nov 4, 2022.
             Succumbed to Sigmund's poison
             ... on level 2 of the Dungeon.
             The game lasted 00:01:20 (702 turns).

NinjaNoafa the Chopper (Minotaur Fighter)            Turns: 702, Time: 00:01:21

Health: -1/39      AC: 21    Str: 20    XL:     2   Next: 89%
Magic:  1/1        EV:  2    Int:  5    God:
Gold:   54         SH:  0    Dex:  9    Spells: 1/1 levels left

rFire   . . .      SeeInvis .    a - +0 war axe
rCold   . . .      Faith    .    c - +0 buckler
rNeg    . . .      Spirit   .    (body armour currently unavailable)
rPois   +          Reflect  .    (helmet currently unavailable)
rElec   .          Harm     .    (cloak currently unavailable)
rCorr   .          Rampage  .    (gloves currently unavailable)
Will    .....      NoTele   +    (boots currently unavailable)
Stlth   +.........               (no amulet)
HPRegen 0.26/turn                o - ring of poison resistance
MPRegen 0.07/turn                (no ring)

@: confused, mighty, brilliant, lethally poisoned (-1 -> -11), tree-form
A: stationary, stasis, torment immunity, boosted hp, (horns 2), (retaliatory
headbutt)
a: no special abilities


You were on level 2 of the Dungeon.
You were a tree.
You visited 1 branch of the dungeon, and saw 2 of its levels.

You collected 54 gold pieces.

Inventory:

Hand Weapons
 a - a +0 war axe (weapon)
Missiles
 g - 3 javelins (quivered)
 h - 36 stones
 i - 4 poisoned darts
Armour
 b - a +0 scale mail (melded)
 c - a +0 buckler (worn)
 k - a +0 pair of boots (melded)
Jewellery
 o - a ring of poison resistance (left branch)
Scrolls
 e - a scroll of poison {unknown}
 j - 2 scrolls of amnesia {unknown}
 l - 2 scrolls of teleportation {unknown}
 n - a scroll of immolation {unknown}
Potions
 f - a potion of brilliance


   Skills:
 + Level 3.6 Fighting
 - Level 4.2 Axes
 - Level 3.6 Armour
 - Level 3.6 Shields


You had one spell level left.
You didn't know any spells.
Your spell library was empty.

Dungeon Overview and Level Annotations

Branches:
Dungeon (2/15)

Altars:

Annotations:
D:2 Sigmund


Innate Abilities, Weirdness & Mutations

You are a tree.
Your roots penetrate the ground, keeping you stationary.
You cannot be teleported.
You are immune to unholy pain and torment.
Your maximum health is greatly increased.
Your equipment is partially melded.
((You have a pair of horns on your head.))
((You reflexively headbutt those who attack you in melee.))


Message History

It was a potion of curing.
You feel better. Something hits you but does no damage.
You are poisoned.
It was a potion of lignification.
You turn into a tree.
Your +0 pair of boots melds into your body.
Your +0 scale mail melds into your body.
Your roots penetrate the ground.
You feel very sick. Something hits you but does no damage.
You feel very mighty all of a sudden.
You feel sick.
You cannot move.
You cannot move.
You cannot move.
You cannot move.
You cannot move.
You cannot move.
You closely miss something.
You feel sick. Something hits you but does no damage.
You are more poisoned.
You slash something!
You feel very sick.
You hear some strange, mumbled words.
Something tries to affect you, but you resist.
Something hits you.
* * * LOW HITPOINT WARNING * * *
You are lethally poisoned!
You barely miss something.
* * * LOW HITPOINT WARNING * * *
You feel very sick.
You barely miss something.
* * * LOW HITPOINT WARNING * * *
You feel very sick.
You hear some strange, mumbled words.
Something tries to affect you, but you resist.
You hear some strange, mumbled words.
You are confused.
Okay, then.
You closely miss something.
You die...

###### #....
#... #..#
##{♣# .
##...# #.
######...<#
.#
.#........)#
.#
#...####.#..#
.# ##...#
#.#..# .#
....#
####.####
.##...# #
..#.# .#..#
###.#.#.#


There were no monsters in sight!

Vanquished Creatures
  A dart slug (D:2)
  3 goblins (D:1)
  5 hobgoblins
  2 kobolds (D:1)
  2 quokkas (D:1)
  3 bats
  5 frilled lizards
  3 rats
24 creatures vanquished.

Notes
Turn   | Place    | Note
-------+----------+-------------------------------------------
     0 | D:1      | NinjaNoafa the Minotaur Fighter began the quest for the
                  | Orb.
     0 | D:1      | Reached XP level 1. HP: 19/19 MP: 0/0
    83 | D:1      | Found a faded altar of an unknown god.
   158 | D:1      | Reached skill level 3 in Axes
   234 | D:1      | Reached XP level 2. HP: 26/26 MP: 1/1
   634 | D:2      | Reached skill level 4 in Axes
   688 | D:2      | Noticed Sigmund
   702 | D:2      | Succumbed to Sigmund's poison

Illustrated notes

Levels and vault maps discovered:
D:1:      dpeg_arrival_court, layout_rooms, basic_ecumenical_altar
D:2:      layout_rooms, basic_altar, roderic_serpentine_path,
          uniq_crazy_yiuf_cottage, uniq_sigmund, uniq_jessica

Skill      XL: |  1  2 |
---------------+-------+-----
Axes           | 3 4 |  4.2
Fighting       | |  3.6
Armour         | |  3.6
Shields        | |  3.6

Action                   || total
-------------------------++-------
Melee: War axe           ||    47
       Headbutt          ||     1
Throw: Javelin           ||    10
  Use: Potion            ||     5
Armor: Scale mail        ||    29
       Skin              ||     2
Dodge: Dodged            ||    24
Block: Buckler           ||    15

Table legend: (Time is in decaauts)
 A = Elapsed time spent in this place.
 B = Non-inter-level travel time spent in this place.
 C = Inter-level travel time spent in this place.
 D = Time resting spent in this place.
 E = Time spent auto-exploring this place.
 F = Levels seen in this place.
 G = Mean time per level.
                   A        B        C        D        E       F      G
               +--------+--------+--------+--------+--------+-----+--------+
         Total |    723 |    707 |     16 |      0 |    509 |   2 |  361.5 |
       Dungeon |    723 |    707 |     16 |      0 |    509 |   2 |  361.5 |
               +--------+--------+--------+--------+--------+-----+--------+

Top non-repeatable levels by time:
     D:1: 633 daAuts
     D:2: 89 daAuts
